 Dungeon Crawl Stone Soup version 0.17.1-3-g152610e (webtiles) character file.

40 Locuples the Covered (level 3, -1/51 HPs)
             Began as a Naga Fighter on Apr 19, 2016.
             Was a Follower of Trog.
             Killed from afar by a white imp (11 damage)
             ... with a puff of frost
             ... summoned by Natasha
             ... on level 2 of the Dungeon.
             The game lasted 00:06:00 (1684 turns).

Locuples the Covered (Naga Fighter)                 Turns: 1684, Time: 00:06:02

Health: -1/51      AC:  4    Str: 24    XL:     3   Next: 50%
Magic:  3/3        EV:  5    Int:  8    God:    Trog [*.....]
Gold:   82         SH:  9    Dex: 10    Spells: 0 memorised, 2 levels left

rFire  . . .     SeeInvis +     l - -3 hand axe
rCold  . . .     Clarity  .     b - +0 scale mail
rNeg   + . .     SustAt   .     c - +0 shield
rPois  +         Gourm    .     (no helmet)
rElec  .         Spirit   .     (no cloak)
rCorr  .         Warding  .     (no gloves)
rMut   .         Stasis   .     (no barding)
MR     .....                    (no amulet)
Stlth  ..........               (no ring)
                                h - ring of positive energy

@: berserking, quick, not resistant to hostile enchantments, extremely
unstealthy
A: see invisible, deformed body, poison resistance, slowness 2, slow metabolism
1, spit poison 2, AC +1
a: Spit Poison, Berserk, Burn Spellbooks, Renounce Religion


You were on level 2 of the Dungeon.
You worshipped Trog.
Trog was aware of your devotion.
You were not hungry.

You visited 1 branch of the dungeon, and saw 2 of its levels.

You collected 82 gold pieces.

Inventory:

Hand Weapons
 l - a -3 hand axe (weapon)
Armour
 b - a +0 scale mail (worn)
 c - a +0 shield (worn)
Jewellery
 h - a ring of positive energy (left hand)
Scrolls
 f - 2 scrolls of enchant weapon
Potions
 d - a potion of might
 j - 3 potions of curing
Comestibles
 e - 3 bread rations


   Skills:
 - Level 3.0 Fighting
 * Level 2.4 Axes
 + Level 3.1 Armour
 + Level 2.7 Shields


You had 2 spell levels left.
You didn't know any spells.

Dungeon Overview and Level Annotations

Branches:
Dungeon (2/15)

Altars:
Trog
Xom

Annotations:
D:2 Natasha


Innate Abilities, Weirdness & Mutations

You cannot wear boots.
Your serpentine skin is tough (AC +1).
You have supernaturally acute eyesight.
Armour fits poorly on your strangely shaped body.
Your system is resistant to poisons.
You cover ground very slowly.
You have a slow metabolism.
You can spit poison.


Message History

You closely miss the white imp. You barely miss the white imp.
The white imp is moderately wounded.
You block the white imp's attack. The white imp hits you.
* * * LOW HITPOINT WARNING * * *
The white imp freezes you.
* * * LOW HITPOINT WARNING * * *
You miss Natasha.
Natasha is heavily wounded.
You closely miss the white imp.
Your shield and scale mail prevent you from hitting the white imp.
The white imp is moderately wounded.
Natasha howls an incantation.
You feel troubled. Natasha claws you.
* * * LOW HITPOINT WARNING * * *
The white imp gestures at you. The puff of frost misses you.
The white imp gestures at you. The puff of frost hits you!
You die...

,,,,,,,,**,*,*,*,*,*,**,* *,****,
,,,,,,,,**,*,#.#.#,*,,,,* *,,,,,,
,,,,,,,,**,*,#.#.#.##############
,,,,,,,,,.,,,#.#.#.#,...#........
,,,,,,,,*#.###.#.#.#.##.#.#######
,,,,,,,,*#...$...#.#...[.........
,,,,,,,,*#.......#.#.##..########
,,,,,****#.....h.#.#,*#..# ******
#....55@#.####..#######
#.....5<..............#
#.......#...###.#####.#
#.......#.#.# #.# #.#
#.###...#.#.# #.# #.# #,*
#####.#.#*#.# #.# *,* #.#..,..#
#.# **********,* #.###########.#
,,,,,,,,,,,* #............(#


You could see Natasha, a crimson imp and 2 white imps.

Vanquished Creatures
  An adder (D:2)
  A worm (D:2)
  7 goblins
  2 hobgoblins (D:1)
  3 kobolds
  A quokka (D:2)
  2 ball pythons (D:1)
  5 bats
  2 giant cockroaches (D:1)
  3 giant newts
  3 rats (D:2)
30 creatures vanquished.

Notes
Turn   | Place    | Note
--------------------------------------------------------------
     0 | D:1      | Locuples the Naga Fighter began the quest for the Orb.
     0 | D:1      | Reached XP level 1. HP: 21/21 MP: 1/1
   334 | D:1      | Reached XP level 2. HP: 25/28 MP: 2/2
  1077 | D:2      | Found a faded altar to an unknown god.
  1084 | D:2      | Became a worshipper of Trog the Wrathful
  1084 | D:2      | Reached * piety under Trog
  1151 | D:2      | Reached XP level 3. HP: 34/34 MP: 3/3
  1335 | D:2      | Found a shimmering altar of Xom.
  1672 | D:2      | Noticed Natasha
  1684 | D:2      | Killed from afar by a white imp

Action                   || total
-------------------------++-------
Melee: War axe           ||    65
       Hand axe          ||    61
Invok: Berserk           ||     2
 Abil: Spit Poison       ||     6
  Use: Scroll            ||     4
  Eat: Bread ration      ||     1
